AoeStats
← PePaPi

Arabia

507614285Analyzed
3v3 RM · 14d ago on Sep 19, 2026· 41m 16s· 6 players
Game mode
Random Map
Map size
Normal (6 player)
Population
200
Speed
Normal
Resources
Standard
Victory
Conquest
Starting age
Dark Age
Ending age
Imperial Age
RankedLock teamsTeams togetherTeam positionsShared explorationLock speedFull tech treeHidden civsTurbo modeCheats
Victory
Defeat
🇦🇷 Persians · Argentina
1145
+15
🇦🇷 Ethiopians · Argentina
1138
+16
🇺🇾 Lithuanians · Uruguay
1093
+17
🇺🇾 Magyars · Uruguay
1128
-16
🇺🇾 Maya · Uruguay
1126
-16
🇺🇾 Georgians · Uruguay
1124
-16
Augustox
7:23 Loom
7:27 Loom
10:15 Feudal Age
10:54 Double-Bit Axe
10:50 Horse Collar
16:34 Scale Barding Armor
16:40 Forging
16:58 Bloodlines
22:01 Castle Age
20:22 Gold Mining
20:25 Stone Mining
22:44 Husbandry
23:14 Chain Barding Armor
23:37 Iron Casting
23:48 Town Watch
24:39 Wheelbarrow
30:20 Fletching
32:26 Bodkin Arrow
37:03 Imperial Age
37:11 Cavalier
38:30 Plate Barding Armor
40:40 Blast Furnace
TalibAn Loco
7:31 Loom
10:40 Feudal Age
11:32 Horse Collar
11:39 Double-Bit Axe
18:56 Castle Age
17:59 Scale Barding Armor
19:48 Fletching
21:46 Chain Barding Armor
23:55 Heavy Plow
24:33 Gold Mining
25:25 Bloodlines
26:17 Wheelbarrow
31:22 Husbandry
33:44 Town Watch
36:31 Imperial Age
34:23 Corvinian Army
36:17 Bodkin Arrow
37:29 Bracer
38:05 Plate Barding Armor
PePaPi
0:32 Loom
11:47 Feudal Age
18:29 Castle Age
17:27 Fletching
17:26 Horse Collar
20:09 Crossbowman
23:07 Bodkin Arrow
24:46 Padded Archer Armor
29:08 Ballistics
29:32 Leather Archer Armor
29:28 Thumb Ring
41:33 Imperial Age
deagle
10:07 Feudal Age
10:38 Double-Bit Axe
16:47 Horse Collar
20:51 Castle Age
19:54 Bloodlines
19:43 Gold Mining
20:37 Forging
20:52 Scale Barding Armor
22:09 Iron Casting
23:48 Husbandry
25:13 Chain Barding Armor
25:41 Heavy Plow
26:16 Bow Saw
29:20 Wheelbarrow
28:32 Town Watch
31:23 Hand Cart
34:09 Town Patrol
35:49 Stone Mining
37:55 Loom
41:45 Imperial Age
Euron
4:34 Loom
9:52 Feudal Age
13:25 Wheelbarrow
12:43 Double-Bit Axe
15:42 Scale Mail Armor
15:36 Fletching
18:38 Padded Archer Armor
23:08 Castle Age
22:55 Gold Mining
23:42 Horse Collar
24:14 Bow Saw
23:28 Crossbowman
24:22 Thumb Ring
24:17 Bodkin Arrow
25:40 Ballistics
27:38 Leather Archer Armor
30:36 Stone Mining
32:01 Stone Shaft Mining
34:40 Imperial Age
34:15 Town Watch
34:45 Arbalester
35:33 Bracer
36:48 Heavy Plow
37:33 Ring Archer Armor
39:34 Chemistry
39:10 Masonry
40:41 Thumb Ring
danielvera932
6:24 Loom
8:55 Feudal Age
10:15 Double-Bit Axe
18:40 Forging
22:17 Castle Age
20:58 Gold Mining
21:50 Bloodlines
23:16 Wheelbarrow
23:01 Scale Barding Armor
24:17 Chain Barding Armor
24:39 Horse Collar
26:08 Husbandry
38:08 Imperial Age
36:27 Stone Mining
38:36 Town Watch
39:07 Hand Cart
38:32 Cavalier
39:54 Plate Barding Armor
41:30 Bow Saw
40:54 Elite Skirmisher
Connection lost

Rejoining the realm…

Still unreachable

The connection could not be restored.

Session expired

The server has moved on; the page needs a fresh start.